 Dungeon Crawl Stone Soup version 0.29.1-12-g30fa7ad0bf (webtiles) character file.

Game seed: 10431267012966824243

2152 xzight the Grappler (level 9, -3/88 HPs)
             Began as a Troll Fighter on Dec 27, 2022.
             Slain by Grum
             ... wielding a -2 halberd
              (7 damage)
             ... on level 8 of the Dungeon.
             The game lasted 00:09:00 (6005 turns).

xzight the Grappler (Troll Fighter)                 Turns: 6005, Time: 00:09:01

Health: -3/88      AC:  4    Str: 30    XL:     9   Next: 10%
Magic:  8/8        EV:  8    Int:  4    God:
Gold:   245        SH:  8    Dex:  9    Spells: 8/8 levels left

rFire   . . .      SeeInvis .     - Unarmed
rCold   . . .      Faith    .   b - +0 kite shield
rNeg    . . .      Spirit   .   a - +0 robe
rPois   .          Reflect  .   (helmet restricted)
rElec   .          Harm     .   (no cloak)
rCorr   .          Rampage  .   (gloves unavailable)
Will    .....                   (boots unavailable)
Stlth   +.........              (no amulet)
HPRegen 1.04/turn               (no ring)
MPRegen 0.11/turn               (no ring)

@: no status effects
A: large, unfitting armour, claws 3, regeneration 1, shaggy fur 1, tough skin 1
a: no special abilities


You were on level 8 of the Dungeon.
You visited 2 branches of the dungeon, and saw 9 of its levels.
You also visited: Sewer.

You collected 348 gold pieces.
You spent 103 gold pieces at shops.


Innate Abilities, Weirdness & Mutations

You are too large for most types of armour.
You have claws for hands.
Your natural rate of healing is unusually fast.
You are covered in fur. (AC +1)
You have tough skin. (AC +1)


   Skills:
 + Level 5.2 Fighting
 + Level 4.0 Throwing
 - Level 2.4 Dodging
 + Level 5.7 Shields
 * Level 8.1 Unarmed Combat


You had 8 spell levels left.
You didn't know any spells.
Your spell library contained the following spells:

 Spells                   Type           Power      Damage    Failure   Level
 Beastly Appendage        Tmut           0%         N/A       77%         1
 Summon Small Mammal      Summ           0%         N/A       77%         1
 Passwall                 Tmut/Erth      0%         N/A       88%         2
 Wereblood                Tmut           0%         N/A       88%         2
 Call Canine Familiar     Summ           0%         N/A       98%         3
 Dazzling Flash           Conj/Hex       0%         N/A       98%         3
 Frozen Ramparts          Ice            0%         1d1       98%         3
 Spider Form              Tmut/Pois      0%         N/A       98%         3
 Summon Guardian Golem    Hex/Summ       0%         N/A       98%         3
 Ice Form                 Ice/Tmut       0%         N/A       100%        4
 Petrify                  Tmut/Erth      0%         N/A       100%        4
 Summon Ice Beast         Ice/Summ       0%         N/A       100%        4
 Agony                    Necr           0%         N/A       100%        5
 Fireball                 Conj/Fire      0%         3d3       100%        5
 Iskenderun's Battlesphe  Conj           0%         2d6       100%        5
 Silence                  Hex/Air        0%         N/A       100%        5
 Conjure Ball Lightning   Conj/Air       0%         3x3d6     100%        6
 Death Channel            Necr           0%         N/A       100%        6
 Orb of Destruction       Conj           0%         9d5       100%        7
 Spellforged Servitor     Conj/Summ      0%         N/A       100%        7

Inventory:

Missiles
 j - a javelin (quivered)
Armour
 a - a +0 robe (worn)
 b - a +0 kite shield (worn)
Jewellery
 Z - a ring of wizardry
Wands
 s - a wand of mindburst (12)
 t - a wand of polymorph (14)
 u - a wand of flame (30)
Scrolls
 d - 2 scrolls of enchant weapon {unknown}
 e - a scroll of poison {unknown}
 f - 6 scrolls of identify {@r1}
 g - a scroll of butterflies {unknown}
 i - 3 scrolls of vulnerability
 k - 2 scrolls of fear {unknown}
 n - a scroll of immolation {unknown}
 w - 2 scrolls of teleportation {unknown}
 x - a scroll of magic mapping {unknown}
 y - a scroll of amnesia {unknown}
 z - a scroll of blinking {unknown}
Potions
 c - 2 potions of heal wounds {@q2}
 h - 2 potions of ambrosia {unknown}
 l - 3 potions of flight
 m - 4 potions of brilliance {unknown}
 o - a potion of might
 p - 3 potions of curing {@q1}
 q - 2 potions of lignification {unknown}
 r - a potion of berserk rage {!q}
 v - a potion of magic {unknown}

Dungeon Overview and Level Annotations

Branches:
Dungeon (8/15)             Temple (1/1) D:7           Sewer (visited)
   Lair: D:8-11

Altars:
Ashenzari
Cheibriados
Dithmenos
Elyvilon
Fedhas
Gozag
Hepliaklqana
Kikubaaqudgha
Nemelex Xobeh
Qazlal
Ru
Sif Muna
Trog
Uskayaw
Vehumet
Wu Jian
Yredelemnul
Zin
The Shining One

Shops:
D:1 (   D:4 !   D:5 !   D:8 [

Annotations:
D:8 Grum

### #.. #h#######.#
######## #.#.....#.#
#.....<# #h#.###.#.#
#.###### #.#.....#.#
#.# #g#####.#.#
#.###### #(†@....#.#
#.......
#######.#.###..#####
#.....##..##
#.#.......#
####.#.###..##
#....#.###.##
#....#.....########
#####....#>............
#..[.....#.############


You could see Grum (berserk).


Message History

You block the wolf's attack.
You miss the wolf.
The wolf is lightly wounded.
The wolf bites you!
Grum drinks a potion.
Grum goes berserk!
The wolf bites you!
A wolf comes into view.
The wolf howls!
You claw the wolf!
The wolf is heavily wounded.
The wolf bites you!
You closely miss the wolf.
The wolf is heavily wounded.
The wolf bites you!
Grum hits you from afar with a -2 halberd!!
* * * LOW HITPOINT WARNING * * *
The wolf bites you!
* * * LOW HITPOINT WARNING * * *
The wolf attacks as you move away! The wolf bites you but does no damage.
You block Grum's attack. You block the wolf's attack.
The wolf attacks as you move away! The wolf bites you!
* * * LOW HITPOINT WARNING * * *
The wolf barely misses you.
Okay, then.
Throw: 2 javelins
Press: ? - help, Q - select action, (/) - cycle Shift-Dir - straight line, f - wolf
Aim: a wolf (heavily wounded, 40% to hit)
You throw a javelin. The javelin pierces through the wolf!!
You kill the wolf!
Grum hits you from afar with a -2 halberd!
You die...

Skill      XL: |  1  2  3  4  5  6  7  8  9 |
---------------+----------------------------+-----
Shields        | 3 4 5 |  5.7
Unarmed Combat | 4 5 6 7 8 |  8.1
Fighting       | 3 4 5 |  5.2
Throwing       | 1 2 3 4 |  4.0
Dodging        | |  2.4

Action                   |  1- 3 |  4- 6 |  7- 9 || total
-------------------------+-------+-------+-------++-------
Melee: Unarmed           |   101 |   137 |   239 ||   477
Throw: Javelin           |       |       |     1 ||     1
  Use: Potion            |     1 |       |       ||     1
       Scroll            |       |     2 |       ||     2
 Stab: Sleeping          |       |       |     1 ||     1
Armor: Robe              |    39 |    36 |    62 ||   137
Dodge: Dodged            |    45 |    43 |    76 ||   164
Block: Kite shield       |    36 |    45 |   103 ||   184

Levels and vault maps discovered:
D:1:      psy_arrival_basics, layout_basic,
          hellmonk_ecumenical_altar_dog_temple, serial_shops,
          nicolae_square_shop, serial_glass, glass_columns_b, glass_columns_a,
          minivault_26
D:2:      layout_basic, minmay_three_crescents, uniq_sigmund
D:3:      layout_basic
D:4:      minmay_clustersquares, layout_cave_pools,
          nicolae_hepliaklqana_ecumenical_no_more, vehumet_crystals,
          fedhas_altar_3, serial_shops, shop
D:5:      layout_cave_pods, cheibriados_altar_1, serial_shops,
          nicolae_square_shop, kennysheep_windowed_goal
D:6:      layout_basic, gup_sewer_entry_bowl,
          lightli_ossuary_entry_decrepit_ruins
D:7:      layout_gridville, minmay_temple_entry_mini_moons, uniq_duvessa
D:8:      layout_basic, mainiacjoe_overflow_tiny_flanked, serial_shops,
          nicolae_shop_trees, grunt_ministairs_7, kennysheep_generic_room_11,
          uniq_grum
Temple:   nicolae_temple_bog_church

Notes
Turn   | Place    | Note
-------+----------+-------------------------------------------
     0 | D:1      | xzight the Troll Fighter began the quest for the Orb.
     0 | D:1      | Reached XP level 1. HP: 22/22 MP: 0/0
    61 | D:1      | Found a faded altar of an unknown god.
    70 | D:1      | Reached XP level 2. HP: 29/29 MP: 1/1
   157 | D:1      | Found Iraapurgh's Antique Weapon Shop.
   323 | D:1      | Reached skill level 3 in Shields
   334 | D:1      | Reached XP level 3. HP: 27/36 MP: 2/2
   464 | D:1      | Reached skill level 3 in Unarmed Combat
   702 | D:2      | Got the Codex of Twisted Sculpting
   781 | D:2      | Noticed Sigmund
   792 | D:2      | Killed Sigmund
   793 | D:2      | Reached skill level 3 in Fighting
   793 | D:2      | Reached skill level 4 in Unarmed Combat
   793 | D:2      | Reached XP level 4. HP: 43/45 MP: 3/3
   793 | D:2      | Reached XP level 5. HP: 51/53 MP: 4/4
  1476 | D:3      | Identified the +4 trident "Meum" {spect, Dex+2}
  1545 | D:3      | Identified the +1 chain mail "Ytuacog" {Str+4}
  1943 | D:4      | Found Kegh's Distillery.
  1961 | D:4      | Bought a potion of curing for 33 gold pieces
  1984 | D:4      | Reached XP level 6. HP: 61/61 MP: 5/5
  2068 | D:4      | Found a faded altar of an unknown god.
  2069 | D:4      | Found a hazy altar of Hepliaklqana.
  2071 | D:4      | Found a faded altar of an unknown god.
  2071 | D:4      | Found a faded altar of an unknown god.
  2079 | D:4      | Identified the +9 short sword "Hell-Harrower" {drain, *Rage
                  | rC++ Dex+2}
  2184 | D:4      | Found a radiant altar of Vehumet.
  2298 | D:4      | Found a blossoming altar of Fedhas.
  2390 | D:4      | Reached skill level 1 in Throwing
  2390 | D:4      | Reached skill level 4 in Shields
  2390 | D:4      | Reached skill level 5 in Unarmed Combat
  2594 | D:5      | Entered Level 5 of the Dungeon
  2594 | D:5      | Found Widousyc's Distillery.
  2602 | D:5      | Bought a potion of heal wounds for 70 gold pieces
  2789 | D:5      | Reached XP level 7. HP: 68/68 MP: 6/6
  3091 | D:5      | Reached skill level 4 in Fighting
  3169 | D:5      | Found a snail-covered altar of Cheibriados.
  3201 | D:5      | Reached skill level 2 in Throwing
  3533 | D:6      | Reached skill level 6 in Unarmed Combat
  3556 | D:6      | Found a glowing drain.
  3560 | Sewer    | Entered a sewer
  4028 | D:6      | Reached XP level 8. HP: 61/79 MP: 7/7
  4447 | D:6      | Reached skill level 3 in Throwing
  4447 | D:6      | Reached skill level 5 in Shields
  4750 | D:7      | Reached skill level 7 in Unarmed Combat
  4912 | D:7      | Noticed Dowan
  5023 | D:7      | Reached skill level 5 in Fighting
  5282 | D:7      | Reached XP level 9. HP: 73/88 MP: 8/8
  5434 | D:7      | Found a staircase to the Ecumenical Temple.
  5445 | D:7      | Noticed Duvessa
  5449 | Temple   | Entered the Ecumenical Temple
  5616 | D:7      | Killed Duvessa
  5617 | D:7      | Reached skill level 4 in Throwing
  5617 | D:7      | Reached skill level 8 in Unarmed Combat
  5628 | D:7      | Killed Dowan
  5937 | D:8      | Found Conakkenn's Armour Boutique.
  5997 | D:8      | Noticed Grum
  6004 | D:8      | HP: 1/88 [wolf[Grum] (9)]
  6005 | D:8      | Slain by Grum

Vanquished Creatures
  Sigmund (D:2)
  Duvessa (D:7)
  An ice beast (D:6)
  A sky beast (D:7)
  2 ogres
  A wolf (D:8)
  A centaur (D:7)
  A kobold brigand (D:7)
  2 phantoms
  A necrophage (D:7)
  3 bullfrogs
  3 scorpions
  Dowan (D:7)
  A howler monkey (D:4)
  3 jellies
  4 orc priests
  2 hounds
  4 iguanas
  7 gnolls (D:5)
  12 adders
  3 river rats
  An ufetubus (D:5)
  2 worms
  3 dart slugs
  27 orcs
  4 bats
  12 endoplasms
  8 giant cockroaches
  6 goblins
  6 hobgoblins
  7 jackals (D:1)
  4 quokkas
  12 ball pythons
  10 frilled lizards
  13 kobolds
  20 rats
190 creatures vanquished.

Table legend: (Time is in decaauts)
 A = Elapsed time spent in this place.
 B = Non-inter-level travel time spent in this place.
 C = Inter-level travel time spent in this place.
 D = Time resting spent in this place.
 E = Time spent auto-exploring this place.
 F = Levels seen in this place.
 G = Mean time per level.
                   A        B        C        D        E       F      G
               +--------+--------+--------+--------+--------+-----+--------+
         Total |   6080 |   5848 |    232 |     88 |   4432 |  10 |  608.0 |
       Dungeon |   5536 |   5322 |    214 |     88 |   4061 |   8 |  692.0 |
        Temple |    166 |    148 |     18 |      0 |    134 |   1 |  166.0 |
         Sewer |    377 |    377 |      0 |      0 |    236 |   1 |  377.0 |
               +--------+--------+--------+--------+--------+-----+--------+

Top non-repeatable levels by time:
     D:7: 973 daAuts
     D:5: 934 daAuts
     D:6: 917 daAuts
     D:3: 735 daAuts
     D:4: 720 daAuts
     D:2: 600 daAuts
     D:1: 552 daAuts
   Sewer: 377 daAuts
  Temple: 166 daAuts
     D:8: 102 daAuts

Table legend:
 A = Non-vault XP
 B = Vault XP
 C = Vault XP percentage of total XP
 D = Non-vault monster count
 E = Vault monster count
 F = Vault count percentage of total count
                 A         B        C        D         E       F
            +---------+---------+-------+---------+---------+-------
      Total |    2309 |     877 |  27.5 |     135 |      55 |  28.9
            +---------+---------+-------+---------+---------+-------
        D:1 |      44 |       8 |  15.4 |      26 |       4 |  13.3
        D:2 |      36 |     237 |  86.8 |      14 |       7 |  33.3
        D:3 |      21 |       0 |   0.0 |      13 |       0 |   0.0
        D:4 |     172 |     182 |  51.4 |      17 |      13 |  43.3
        D:5 |     395 |      39 |   9.0 |      21 |       1 |   4.5
        D:6 |     683 |      17 |   2.4 |      15 |       3 |  16.7
        D:7 |     958 |     207 |  17.8 |      29 |       2 |   6.5
        D:8 |       0 |     111 | 100.0 |       0 |       1 | 100.0
      Sewer |       0 |      76 | 100.0 |       0 |      24 | 100.0
            +---------+---------+-------+---------+---------+-------
